 Dungeon Crawl Stone Soup version 0.28.0-53-g5a82cb258f (webtiles) character file.

Game seed: 12533351097832329967

3 Skull the Sneak (level 1, 0/9 HPs)
             Began as a Spriggan Enchanter on June 27, 2022.
             Slain by a kobold
             ... wielding a +0 whip of electrocution
              (1 damage)
             ... on level 1 of the Dungeon.
             The game lasted 00:00:21 (203 turns).

Skull the Sneak (Spriggan Enchanter)                 Turns: 203, Time: 00:00:22

Health: 0/9        AC:  2    Str:  4    XL:     1   Next: 41%
Magic:  5/5        EV: 17    Int: 16    God:
Gold:   0          SH:  0    Dex: 15    Spells: 5/5 levels left

rFire   . . .      SeeInvis +   a - +1 dagger
rCold   . . .      Faith    .   (no shield)
rNeg    . . .      Spirit   .   b - +0 robe
rPois   .          Reflect  .   (helmet restricted)
rElec   .          Harm     .   (no cloak)
rCorr   .          Rampage  .   (gloves unavailable)
Will    .....                   (boots unavailable)
Stlth   +++.......              (no amulet)
HPRegen 0.03/turn               (no ring)
MPRegen 0.09/turn               (no ring)

@: very quick
A: very small, no large weapons, unfitting armour, see invisible, speed 3
a: no special abilities


You were on level 1 of the Dungeon.
You visited 1 branch of the dungeon, and saw 1 of its levels.

Inventory:

Hand Weapons
 a - a +1 dagger (weapon)
Armour
 b - a +0 robe (worn)
Scrolls
 d - a scroll of teleportation {unknown}
Potions
 c - a potion of invisibility


   Skills:
 + Level 1.2 Short Blades
 + Level 2.8 Dodging
 + Level 4.5 Stealth
 + Level 2.7 Spellcasting
 + Level 3.7 Hexes


You had 5 spell levels left.
You didn't know any spells.
Your spell library contained the following spells:

 Spells                   Type           Power      Damage    Failure   Level
 Confusing Touch          Hex            14%        N/A       13%         3
 Tukima's Dance           Hex            14%        N/A       13%         3
 Ensorcelled Hibernation  Hex/Ice        16%        N/A       14%         2
 Dazzling Flash           Conj/Hex       16%        N/A       26%         3


Dungeon Overview and Level Annotations

Branches:
Dungeon (1/15)

Altars:


Innate Abilities, Weirdness & Mutations

You are very small and have problems with some larger weapons.
You are too small for most types of armour.
You have supernaturally acute eyesight. (SInv)
You cover ground extremely quickly. (Speed+++)


Message History

A hobgoblin and a kobold come into view.
The kobold is wielding a +0 whip of electrocution.
The kobold shouts!
The hobgoblin shouts!
You hear a shout!
A goblin comes into view. It is wielding a +0 club.
The goblin shouts!
A rat comes into view.
A gnoll comes into view. It is wielding a +0 club.
Found 20 stones.
Found a scroll labelled AMPAGA NITUSCH.
You completely miss the goblin. The goblin hits you with a +0 club.
You barely miss the goblin. The goblin closely misses you.
You completely miss the goblin. The goblin closely misses you.
You hit the goblin.
The goblin is heavily wounded.
The goblin completely misses you.
You hit the goblin.
You kill the goblin!
You hit the rat but do no damage. The rat closely misses you.
You closely miss the rat. The rat completely misses you.
You hit the rat.
You kill the rat!
The kobold hits you with a +0 whip of electrocution.
You hit the kobold but do no damage. The kobold barely misses you.
You hit the kobold.
The kobold is moderately wounded.
The kobold misses you.
You hit the kobold but do no damage.
The kobold is moderately wounded.
The kobold completely misses you.
You closely miss the kobold.
The kobold is moderately wounded.
The kobold barely misses you.
You closely miss the kobold.
The kobold is moderately wounded.
The kobold hits you with a +0 whip of electrocution.
* * * LOW HITPOINT WARNING * * *
You barely miss the kobold.
The kobold is moderately wounded.
The kobold hits you with a +0 whip of electrocution.
You die...

...##..# ##...#.. ...##..#
#...... ...##..# #.....#
.......# #.....# .......#
#####.....# .<.##..#
..##.....# ...##..#
#.##.....#
.####..########.##.....#####
.# . #....##.....@K)....#...#
.# . #..#.##.....##.....#...#
.### .
#..#.##......###.......##....
.
#..#..####.........#...#.....
.
#..##...##.###....##...#.....
#..####....###.##r##...#.....
#..# ###.......##............
#..###.......................
#...#)##...#......####....


You could see a kobold.

Vanquished Creatures
  2 goblins (D:1)
  A rat (D:1)
3 creatures vanquished.

Notes
Turn   | Place    | Note
-------+----------+-------------------------------------------
     0 | D:1      | Skull the Spriggan Enchanter began the quest for the Orb.
     0 | D:1      | Reached XP level 1. HP: 9/9 MP: 5/5
   203 | D:1      | Slain by a kobold

Illustrated notes

Levels and vault maps discovered:
D:1:      dpeg_arrival_boxes_within_box, layout_rooms, serial_curves,
          eino_curves_04, eino_curves_03, minmay_pentomino_t4

Action                   || total
-------------------------++-------
Melee: Dagger            ||    16
Dodge: Dodged            ||     9
